 Dungeon Crawl Stone Soup version 0.29.1-15-g9cfb28693d (webtiles) character file.

Game seed: 4264456785629151905

186 croobank the Firebug (level 5, -2/38 HPs)
             Began as a Gnoll Fire Elementalist on Apr 29, 2023.
             Was a Follower of the Shining One.
             Succumbed to their own poison gas
             ... on level 4 of the Dungeon.
             The game lasted 00:08:25 (4429 turns).

croobank the Firebug (Gnoll Fire Elementalist)      Turns: 4429, Time: 00:08:26

Health: -2/38      AC:  3    Str:  8    XL:     5   Next: 66%
Magic:  1/12       EV: 13    Int: 16    God:    the Shining One [*.....]
Gold:   206        SH:  0    Dex: 12    Spells: 11/14 levels left

rFire   + + .      SeeInvis .   a - +0 dagger
rCold   . . .      Faith    .   (no shield)
rNeg    . . .      Spirit   .   k - +0 robe {rF+}
rPois   .          Reflect  .   u - +0 helmet
rElec   .          Harm     .   (no cloak)
rCorr   .          Rampage  .   (no gloves)
Will    .....                   (no boots)
Stlth   +.........              (no amulet)
HPRegen 0.12/turn               f - ring of protection from fire
MPRegen 0.13/turn               (no ring)

@: lethally poisoned (-2 -> -33), glowing
A: fangs 1, strong nose, distributed training
a: Renounce Religion, Divine Shield


You were on level 4 of the Dungeon.
You worshipped the Shining One.
The Shining One was aware of your devotion.
You visited 1 branch of the dungeon, and saw 4 of its levels.

You collected 206 gold pieces.

Inventory:

Hand Weapons
 a - a +0 dagger (weapon)
 h - a +0 short sword
Missiles
 b - 7 poisoned darts
 i - 10 boomerangs (quivered)
Armour
 k - a +0 robe of fire resistance (worn)
 q - a +0 robe of positive energy
 u - a +0 helmet (worn)
Jewellery
 f - a ring of protection from fire (left hand)
 j - a ring of ice
 m - a ring of positive energy
Scrolls
 g - a scroll of magic mapping
 s - a scroll of poison
 t - a scroll of blinking {unknown}
 v - a scroll of teleportation {unknown}
 w - 2 scrolls of amnesia {unknown}
Potions
 c - a potion of flight
 d - 2 potions of curing
 e - a potion of lignification
 n - 3 potions of haste
 o - a potion of resistance
 p - a potion of might {unknown}


   Skills:
 + Level 1.6 Fighting
 + Level 1.6 Short Blades
 + Level 1.6 Long Blades
 + Level 1.6 Axes
 + Level 1.6 Maces & Flails
 + Level 1.6 Polearms
 + Level 1.6 Staves
 + Level 1.6 Ranged Weapons
 + Level 1.6 Throwing
 + Level 1.6 Armour
 + Level 4.8 Dodging
 + Level 4.5 Stealth
 + Level 1.6 Shields
 + Level 1.6 Unarmed Combat
 + Level 5.2 Spellcasting
 + Level 2.5 Conjurations
 + Level 1.3 Hexes
 + Level 1.3 Summonings
 + Level 1.3 Necromancy
 + Level 1.3 Translocations
 + Level 1.3 Transmutations
 + Level 5.6 Fire Magic
 + Level 1.3 Ice Magic
 + Level 1.3 Air Magic
 + Level 1.3 Earth Magic
 + Level 1.3 Poison Magic
 + Level 1.9 Invocations
 + Level 1.6 Evocations


You had 11 spell levels left.
You knew the following spells:

 Your Spells              Type           Power      Damage    Failure   Level
a - Foxfire               Conj/Fire      68%        2x1d7     2%          1
b - Scorch                Fire           44%        2d7       2%          2

Your spell library contained the following spells:

 Spells                   Type           Power      Damage    Failure   Level
 Necrotise                Necr           32%        1d5       9%          1
 Conjure Flame            Conj/Fire      17%        6-21      9%          3
 Inner Flame              Hex/Fire       15%        N/A       11%         3
 Vampiric Draining        Necr           8%         2d6       26%         3
 Flame Wave               Conj/Fire      17%        2d7       28%         4
 Agony                    Necr           8%         N/A       94%         5


Dungeon Overview and Level Annotations

Branches:
Dungeon (4/15)
 Temple: D:4-7

Altars:
The Shining One


Innate Abilities, Weirdness & Mutations

You have very sharp teeth.
Your uncanny sense of smell can sniff out nearby items.
Your experience applies equally to all skills.


Message History

You barely miss the gnoll.
The gnoll is severely wounded.
The adder bites you.
You hit the gnoll but do no damage.
The gnoll is severely wounded.
The gnoll hits you with a +0 whip. The gnoll hits you with a +0 spear.
The adder bites you.
You hit the gnoll but do no damage.
The gnoll is severely wounded.
The adder bites you. The gnoll closely misses you. The gnoll barely misses you.
Your magical contamination has completely faded away.
The gnoll is no longer more vulnerable to fire.
The gnoll hits you with a +0 spear. The adder barely misses you.
The adder attacks as you move away! The adder bites you.
The gnoll closely misses you. The gnoll attacks as you move away!
The gnoll barely misses you. The adder bites you but does no damage.
Okay, then.
Okay, then.
The air fills with toxic fumes!
As you read the scroll labelled URPHAUSSEDOT, it crumbles to dust.
It was a scroll of poison.
The adder bites you. The gnoll barely misses you.
The gnoll hits you from afar with a +0 spear!
* * * LOW HITPOINT WARNING * * *
The adder closely misses you.
It was a potion of heal wounds.
You feel much better.
The gnoll barely misses you. x2; The adder bites you.
Okay, then.
Really walk into that cloud of poison gas?
You are engulfed in poison gas.
You are poisoned.
You feel very sick. The gnoll barely misses you.
The gnoll hits you from afar with a +0 spear!
* * * LOW HITPOINT WARNING * * *
The adder misses you.
There is a stone staircase leading up, spattered with blood here.
You are engulfed in poison gas.
You are more poisoned.
* * * LOW HITPOINT WARNING * * *
You die...

§§§.§§§§§§§§§§.
.§§..§§§§§§§§§.
.§§.§§§§§§§§§.
.§§§§§§§§§§# #§#§§§§§§§#
##### .§§§§§§.# #.... ...
# #§§§##§### #....
....#.#.@§§§§§§. #....
.§§§§§§gS§##§########....
.§§§§§§g§§§§........#....
.§§§#§§§§§§§§######.##.##
.§§.§§§§§§§§§§§..........
.§.§§§§§§§§§§§§..##.##.##
..§§§§§§§§##§##..##.##.#
.§§§§§#§§§##§§.........#
..#...#.........v.#..####


You could see 2 gnolls and an adder.

Vanquished Creatures
  A hound (D:4)
  A jelly (D:2)
  A gnoll (D:4)
  4 adders
  3 worms (D:2)
  4 dart slugs
  An orc (D:4)
  3 bats (D:1)
  6 endoplasms
  5 giant cockroaches
  6 goblins
  4 hobgoblins
  5 ball pythons
  10 frilled lizards
  7 kobolds
  7 rats
68 creatures vanquished.

Vanquished Creatures (collateral kills)
  A foxfire (D:3)
1 creature vanquished.

Vanquished Creatures (others)
  145 foxfires
  5 fungi (D:1)
  4 plants (D:1)
154 creatures vanquished.

Grand Total: 223 creatures vanquished

Notes
Turn   | Place    | Note
-------+----------+-------------------------------------------
     0 | D:1      | croobank the Gnoll Fire Elementalist began the quest for
                  | the Orb.
     0 | D:1      | Reached XP level 1. HP: 13/13 MP: 6/6
    44 | D:1      | Reached XP level 2. HP: 4/20 MP: 5/7
    47 | D:1      | Learned a level 2 spell: Scorch
   522 | D:1      | Reached skill level 5 in Spellcasting
   522 | D:1      | Reached XP level 3. HP: 23/25 MP: 0/9
   654 | D:1      | Found a faded altar of an unknown god.
   662 | D:1      | Prayed at the altar of an unknown god.
   662 | D:1      | Became a worshipper of the Shining One
   662 | D:1      | Reached * piety under the Shining One
  1044 | D:1      | Reached skill level 1 in Invocations
  1370 | D:2      | Reached skill level 1 in Fighting
  1370 | D:2      | Reached skill level 1 in Short Blades
  1370 | D:2      | Reached skill level 1 in Long Blades
  1370 | D:2      | Reached skill level 1 in Axes
  1370 | D:2      | Reached skill level 1 in Maces & Flails
  1370 | D:2      | Reached skill level 1 in Polearms
  1370 | D:2      | Reached skill level 1 in Staves
  1370 | D:2      | Reached skill level 1 in Ranged Weapons
  1370 | D:2      | Reached skill level 1 in Throwing
  1370 | D:2      | Reached skill level 1 in Armour
  1370 | D:2      | Reached skill level 1 in Shields
  1370 | D:2      | Reached skill level 1 in Unarmed Combat
  1370 | D:2      | Reached skill level 1 in Evocations
  1370 | D:2      | Reached XP level 4. HP: 32/32 MP: 6/11
  1676 | D:2      | Reached skill level 1 in Hexes
  1676 | D:2      | Reached skill level 1 in Summonings
  1676 | D:2      | Reached skill level 1 in Necromancy
  1676 | D:2      | Reached skill level 1 in Translocations
  1676 | D:2      | Reached skill level 1 in Transmutations
  1676 | D:2      | Reached skill level 1 in Ice Magic
  1676 | D:2      | Reached skill level 1 in Air Magic
  1676 | D:2      | Reached skill level 1 in Earth Magic
  1676 | D:2      | Reached skill level 1 in Poison Magic
  2897 | D:3      | Reached XP level 5. HP: 37/37 MP: 7/12
  4429 | D:4      | Succumbed to their own poison gas

Illustrated notes

Levels and vault maps discovered:
D:1:      minmay_arrival_radiant_lines, layout_rooms,
          shapermc_ecumenical_altar_mp_urbaneastern, serial_bayou_lake_a
D:2:      layout_basic, wander_ebering_terrifying_dragon_lair
D:3:      layout_basic, dreamdust_princess_bridge
D:4:      layout_basic

Skill      XL: |  1  2  3  4 |
---------------+-------------+-----
Conjurations   | 2 |  2.5
Spellcasting   | 5 |  5.2
Invocations    | 1 |  1.9
Fighting       | 1 |  1.6
Short Blades   | 1 |  1.6
Long Blades    | 1 |  1.6
Axes           | 1 |  1.6
Maces & Flails | 1 |  1.6
Polearms       | 1 |  1.6
Staves         | 1 |  1.6
Ranged Weapons | 1 |  1.6
Throwing       | 1 |  1.6
Armour         | 1 |  1.6
Shields        | 1 |  1.6
Unarmed Combat | 1 |  1.6
Evocations     | 1 |  1.6
Hexes          | 1 |  1.3
Summonings     | 1 |  1.3
Necromancy     | 1 |  1.3
Translocations | 1 |  1.3
Transmutations | 1 |  1.3
Ice Magic      | 1 |  1.3
Air Magic      | 1 |  1.3
Earth Magic    | 1 |  1.3
Poison Magic   | 1 |  1.3
Dodging        | |  4.8
Stealth        | |  4.5
Fire Magic     | |  5.6

Action                   |  1- 3 |  4- 6 || total
-------------------------+-------+-------++-------
Melee: Dagger            |     5 |     4 ||     9
       Bite              |     1 |       ||     1
 Cast: Foxfire           |    50 |    32 ||    82
       Scorch            |    11 |    36 ||    47
  Use: Potion            |     1 |     1 ||     2
       Scroll            |       |     9 ||     9
Armor: Robe              |       |     4 ||     4
Dodge: Dodged            |     9 |    20 ||    29
